 Dungeon Crawl Stone Soup version 0.28-a0-1616-g050a50673c (webtiles) character file.

Game seed: 4983825491491935115

9540 sizableburger the Spear-Bearer (level 11, -29/71 HPs)
             Began as a Tengu Monk on Jan 22, 2022.
             Was an Elder of the Shining One.
             Annihilated by a catoblepas (30 damage)
             ... on level 10 of the Dungeon.
             The game lasted 00:31:21 (14476 turns).

sizableburger the Spear-Bearer (Tengu Monk)        Turns: 14476, Time: 00:31:22

Health: -29/71     AC:  7    Str: 10 (12) XL:     11   Next: 48%
Magic:  18/18      EV: 19    Int: 11 (12) God:    the Shining One [****..]
Gold:   927        SH:  0    Dex: 20 (23) Spells: 15/18 levels left

rFire   . . .      SeeInvis .   D - +2 glaive (vorpal)
rCold   + . .      Faith    +   (shield currently unavailable)
rNeg    + + .      Spirit   .   a - +0 swamp dragon scales
rPois   +          Reflect  .   (helmet restricted)
rElec   .          Harm     .   t - +2 cloak
rCorr   .          Rampage  .   H - +0 pair of gloves
Will    .....                   (boots unavailable)
Stlth   +.........              x - amulet of faith
HPRegen 0.00/turn               c - +6 ring of dexterity
MPRegen 0.16/turn               v - ring of protection from cold

@: corroded, flying quickly and evasively, inhibited regen, glowing, quick
A: beak, talons 3, nimble flight, poison resistance, inhibited regeneration,
weak 1, MP-powered wands
a: Renounce Religion, Divine Shield, Cleansing Flame


You were on level 10 of the Dungeon.
You worshipped the Shining One.
The Shining One was greatly pleased with you.
You visited 2 branches of the dungeon, and saw 11 of its levels.

You collected 927 gold pieces.

Inventory:

Hand Weapons
 D - a +2 vorpal glaive (weapon)
Missiles
 d - a throwing net (quivered)
Armour
 a - +0 swamp dragon scales (worn)
 t - a +2 cloak (worn)
 u - a +0 buckler
 H - a +0 pair of gloves (worn)
Jewellery
 b - a +4 ring of evasion
 c - a +6 ring of dexterity (left hand)
 i - a ring of protection from fire
 v - a ring of protection from cold (right hand)
 w - an amulet of magic regeneration
 x - an amulet of faith (around neck)
 y - a ring of poison resistance
 A - a ring of protection from cold
Wands
 h - a wand of polymorph (9)
 m - a wand of acid (8)
 q - a wand of iceblast (12)
 E - a wand of flame (20)
Scrolls
 e - 3 scrolls of identify
 o - a scroll of torment
 r - 2 scrolls of immolation
 s - a scroll of blinking
 z - a scroll of acquirement
 B - 3 scrolls of teleportation
 C - a scroll of amnesia
Potions
 g - 2 potions of ambrosia
 j - 2 potions of haste
 n - 2 potions of flight
 p - 2 potions of berserk rage
 F - a potion of might


   Skills:
 + Level 9.4 Fighting
 + Level 10.3 Polearms
 + Level 10.3 Dodging
 - Level 2.0 Stealth
 - Level 4.2 Spellcasting
 - Level 3.6 Hexes
 + Level 4.8 Invocations


You had 15 spell levels left.
You knew the following spells:

 Your Spells              Type           Power      Damage    Failure   Level
a - Tukima's Dance        Hex            10%        N/A       38%         3

Your spell library contained the following spells:

 Spells                   Type           Power      Damage    Failure   Level
 Passage of Golubria      Tloc           2%         N/A       99%         4
 Silence                  Hex/Air        3%         N/A       100%        5
 Yara's Violent Unravell  Hex/Tmut       3%         3d4       100%        5
 Lehudib's Crystal Spear  Conj/Erth      1%         10d2      100%        8


Dungeon Overview and Level Annotations

Branches:
Dungeon (10/15)            Temple (0/1) D:7             Orc (1/2) D:9
   Lair: D:8-11

Altars:
Elyvilon
Kikubaaqudgha
Qazlal
Sif Muna
The Shining One
Beogh
Jiyva

Shops:
D:3 [

Annotations:
Orc:1 2 transporters, Deinemn's ghost, journeyman MiBe


Innate Abilities, Weirdness & Mutations

You have a beak for a mouth.
You have claws for feet.
Your magical nature lets you fly swiftly and evasively.
Your system is resistant to poisons. (rPois)
You do not regenerate when monsters are visible.
You are weak. (Str -2)
You expend magic power (3 MP) to strengthen your wands.


Message History

The catoblepas breathes a plume of calcifying dust at you.
The blast of calcifying dust hits you!
Reach: D) +2 glaive (vorpal)
Press: ? - help, Dir - move target, f - catoblepas
Aim: a catoblepas (haloed, about 3% to evade your +2 vorpal glaive)
You reach to attack!
You hit the catoblepas but do no damage.
Unknown command.
The catoblepas roars fiercely, eyes lowered.
The catoblepas misses you.
The catoblepas breathes a plume of calcifying dust at you.
The blast of calcifying dust hits you but does no damage.
Things that are here:
a +0 club; a +0 robe
Items here: $ ) ÷ †.
There is a stone staircase leading up, spattered with blood here.
Reach: D) +2 glaive (vorpal)
Press: ? - help, Dir - move target, f/p - catoblepas
Aim: a catoblepas (haloed, about 3% to evade your +2 vorpal glaive)
You reach to attack!
You hit the catoblepas but do no damage.
Unknown command.
The catoblepas breathes a plume of calcifying dust at you.
The blast of calcifying dust hits you!
The catoblepas breathes a plume of calcifying dust at you.
The blast of calcifying dust hits you but does no damage.
Reach: D) +2 glaive (vorpal)
Press: ? - help, Dir - move target, f/p - catoblepas
Aim: a catoblepas (haloed, about 3% to evade your +2 vorpal glaive)
You reach to attack!
You slash the catoblepas!
The catoblepas is moderately wounded.
Unknown command.
An acid dragon comes into view.
The acid dragon roars!
The acid dragon spits acid at you. The splash of acid hits you!!
* * * LOW HITPOINT WARNING * * *
The acid corrodes you! The catoblepas gores you!!
You die...

#........#..##.#☼☼#.##.....
#..................○☼○○.##☼
#........##.#..#..D....☼☼☼g
#........#....#..##...#####
#$.......#......###...$....
#.....>........#........>..
######.#.##..............##
#.#.##..............#
#....@...§..........#
#######...##Y§§............
#...#.).)..§....#...
#...$).<#§.....##. .
#..)))#...§§§..§...
#..§###..#.....##...
#...##..............
#...###.....###### # #...#
#..##.#


You could see a catoblepas.

Vanquished Creatures
  The ghost of buddhastalin the Cleaver, a novice DrBe of Trog (D:8)
  Maggie (D:8)
  An efreet (D:10)
  4 trolls
  Prince Ribbit (D:8)
  2 slime creatures (D:8)
  7 yaks
  Grum (D:8)
  4 wargs
  An acid dragon (D:8)
  An acid dragon (shapeshifter) (D:10)
  3 water moccasins
  8 orc warriors
  2 black bears
  2 necrophages
  2 wolves (D:8)
  A centaur (D:9)
  3 ogres
  2 phantoms
  Blork the orc (D:4)
  4 bullfrogs
  A kobold brigand (D:9)
  2 gnoll sergeants
  4 scorpions
  A water moccasin skeleton (D:7)
  5 jellies
  7 killer bees (D:9)
  6 wights
  A crimson imp (D:7)
  2 centaur zombies
  5 orc priests
  2 hounds (D:5)
  3 gnoll shamans
  3 iguanas (D:5)
  10 orc wizards
  A scorpion zombie (D:5)
  A killer bee zombie (D:8)
  A hound skeleton (D:4)
  A howler monkey zombie (D:9)
  24 gnolls
  3 adders
  2 shadow imps
  A white imp (D:6)
  2 ufetubi
  An adder skeleton (D:4)
  7 worms
  3 dart slugs
  44 orcs
  4 ball pythons
  12 endoplasms
  3 giant cockroaches
  11 goblins
  7 hobgoblins
  9 jackals
  A quokka (D:3)
  3 bats (D:1)
  7 frilled lizards
  2 goblin zombies (D:7)
  2 hobgoblin zombies (D:7)
  14 kobolds
  A kobold zombie (D:7)
  An orc skeleton (D:7)
  2 orc zombies (D:7)
  5 rats
279 creatures vanquished.

Vanquished Creatures (others)
  A gnoll (D:10)
  A kobold (D:9)
2 creatures vanquished.

Grand Total: 281 creatures vanquished

Notes
Turn   | Place    | Note
-------+----------+-------------------------------------------
     0 | D:1      | sizableburger the Tengu Monk began the quest for the Orb.
     0 | D:1      | Reached XP level 1. HP: 14/14 MP: 2/2
   382 | D:1      | Reached XP level 2. HP: 16/19 MP: 3/3
   921 | D:1      | Reached XP level 3. HP: 23/23 MP: 4/4
   939 | D:1      | Found a faded altar of an unknown god.
  1678 | D:2      | Reached XP level 4. HP: 23/29 MP: 5/5
  3178 | D:3      | Gained mutation: Your magical nature lets you fly swiftly
                  | and evasively. [Tengu growth]
  3178 | D:3      | Reached XP level 5. HP: 31/33 MP: 6/6
  3496 | D:3      | Found Namorih's Armour Shoppe.
  4225 | D:4      | Noticed Blork the orc
  4665 | D:4      | Noticed an ogre
  4676 | D:4      | Killed an ogre
  4677 | D:4      | Reached skill level 5 in Polearms
  4677 | D:4      | Reached skill level 5 in Dodging
  4677 | D:4      | Reached XP level 6. HP: 37/39 MP: 7/7
  4730 | D:4      | Learned a level 3 spell: Tukima's Dance
  4843 | D:4      | Found a shimmering blue altar of Sif Muna.
  4864 | D:5      | Entered Level 5 of the Dungeon
  4904 | D:5      | Reached skill level 5 in Fighting
  4904 | D:5      | Reached XP level 7. HP: 44/44 MP: 8/8
  5216 | D:5      | Reached skill level 1 in Hexes
  5668 | D:5      | Noticed a yak
  5761 | D:6      | Reached XP level 8. HP: 50/51 MP: 9/9
  6164 | D:6      | Reached skill level 1 in Spellcasting
  6870 | D:6      | Reached XP level 9. HP: 56/56 MP: 12/14
  7220 | D:7      | Found a stormy altar of Qazlal.
  7227 | D:7      | Found a glowing golden altar of the Shining One.
  7248 | D:7      | Became a worshipper of the Shining One
  7248 | D:7      | Reached * piety under the Shining One
  7248 | D:7      | Reached ** piety under the Shining One
  7968 | D:7      | Noticed a four-headed hydra
  8850 | D:4      | Killed Blork the orc
  9188 | D:7      | Found a staircase to the Ecumenical Temple.
  9317 | D:8      | Reached skill level 1 in Invocations
  9317 | D:8      | Reached XP level 10. HP: 60/64 MP: 17/17
  9342 | D:8      | Noticed Maggie
  9356 | D:8      | Killed Maggie
  9785 | D:8      | Identified the +11 mace "Pidyec" {vorpal, Drain rCorr
                  | Stlth+}
  9935 | D:8      | Reached *** piety under the Shining One
 10074 | D:8      | Noticed Grum
 10082 | D:8      | Killed Grum
 10251 | D:8      | Found a white marble altar of Elyvilon.
 10251 | D:8      | Found an ancient bone altar of Kikubaaqudgha.
 10346 | D:8      | Found a runed translucent gate.
 10346 | D:8      | Found a runed translucent gate.
 10346 | D:8      | Noticed buddhastalin's ghost (novice DrBe)
 10347 | D:8      | Found a runed translucent gate.
 10350 | D:8      | Found a viscous altar of Jiyva.
 10471 | D:8      | Killed buddhastalin's ghost
 10928 | D:8      | Noticed Prince Ribbit
 10930 | D:8      | Killed Prince Ribbit
 11345 | D:9      | Found a staircase to the Orcish Mines.
 11378 | D:9      | Reached XP level 11. HP: 56/69 MP: 18/18
 11462 | D:9      | Identified a scroll of acquirement
 12325 | D:9      | Reached **** piety under the Shining One
 12650 | Orc:1    | Entered Level 1 of the Orcish Mines
 12747 | D:9      | Reached skill level 10 in Polearms
 12747 | D:9      | Reached skill level 10 in Dodging
 13004 | Orc:1    | Found a transporter.
 13009 | Orc:1    | Noticed Deinemn's ghost (journeyman MiBe)
 13041 | Orc:1    | Found a transporter.
 13569 | Orc:1    | Noticed an orc knight
 13585 | Orc:1    | Gained mutation: Armour fits poorly on your strangely
                  | shaped body. [potion of mutation]
 13585 | Orc:1    | Gained mutation: Your spells are a little harder to cast,
                  | but a little more powerful. [potion of mutation]
 13866 | D:10     | Entered Level 10 of the Dungeon
 13867 | D:10     | Lost mutation: Armour fits poorly on your strangely shaped
                  | body. [potion of mutation]
 13867 | D:10     | Lost mutation: Your spells are a little harder to cast, but
                  | a little more powerful. [potion of mutation]
 13867 | D:10     | Gained mutation: Your spells are a little easier to cast,
                  | but a little less powerful. [potion of mutation]
 13867 | D:10     | Gained mutation: You are clumsy. (Dex -2) [potion of
                  | mutation]
 13867 | D:10     | Gained mutation: You expend magic power (3 MP) to
                  | strengthen your wands. [potion of mutation]
 13868 | D:10     | Lost mutation: Your spells are a little easier to cast, but
                  | a little less powerful. [potion of mutation]
 13868 | D:10     | Lost mutation: You are clumsy. (Dex -2) [potion of
                  | mutation]
 13868 | D:10     | Lost mutation: You expend magic power (3 MP) to strengthen
                  | your wands. [potion of mutation]
 13868 | D:10     | Gained mutation: You expend magic power (3 MP) to
                  | strengthen your wands. [potion of mutation]
 13868 | D:10     | Gained mutation: You are weak. (Str -2) [potion of
                  | mutation]
 13868 | D:10     | Gained mutation: You do not regenerate when monsters are
                  | visible. [potion of mutation]
 13868 | D:10     | Gained mutation: Your system is resistant to poisons.
                  | (rPois) [potion of mutation]
 14227 | D:10     | The Shining One protects you from harm!
 14444 | D:10     | Noticed a catoblepas
 14475 | D:10     | HP: 1/71 [acid dragon/splash of acid (30)]
 14476 | D:10     | Annihilated by a catoblepas

Illustrated notes

Levels and vault maps discovered:
D:1:      sevenhm_arrival_forest_fort_large_4, layout_rooms,
          shapermc_ecumenical_altar_venn
D:2:      layout_loops_ring, corexii_shack, minmay_tromino_v4_b
D:3:      layout_loops_corners, serial_shops, shop
D:4:      layout_loops_ring, nicolae_sif_muna_little_library,
          hangedman_minor_gate_pass, uniq_blork_the_orc
D:5:      layout_loops_ring, feat_on_display
D:6:      minmay_skewed_foursquare, layout_loops_ring, roderic_roman_lattice
D:7:      minmay_chambers_of_fours, layout_basic, nicolae_tso_besieged_by_evil,
          mainiacjoe_overflow_concentric_impassable,
          minmay_temple_entry_water_ring
D:8:      layout_gridville, gammafunk_temple_overflow_wave,
          gammafunk_ghost_ooze, grunt_decor_mini_mirrors, uniq_maggie,
          uniq_prince_ribbit1, uniq_grum
D:9:      minmay_goldmine, layout_irregular_city, david_orc_1_choice,
          hex_medium, amcnicky_mini_corridor_feature, billiards_dpeg
D:10:     minmay_bloctagon_deflated, layout_rooms, minivault_28
Orc:1:    layout_caves, basic_altar, gammafunk_ghost_arena

Skill      XL: |  1  2  3  4  5  6  7  8  9 10 11 |
---------------+----------------------------------+-----
Polearms       | 4 5 6 7 8 9 10 | 10.3
Dodging        | 4 5 6 7 8 9 10 | 10.3
Fighting       | 4 5 6 7 8 9 |  9.4
Hexes          | 2 3 |  3.6
Spellcasting   | 2 4 |  4.2
Invocations    | 1 3 4 |  4.8
Stealth        | |  2.0

Action                   |  1- 3 |  4- 6 |  7- 9 | 10-12 || total
-------------------------+-------+-------+-------+-------++-------
Melee: Spear             |    87 |   124 |       |       ||   211
       Peck              |    12 |    23 |    40 |    40 ||   115
       Kick              |    18 |    47 |    62 |    82 ||   209
       Punch             |     2 |     1 |       |       ||     3
       Halberd           |       |    51 |   229 |       ||   280
       Glaive            |       |       |    16 |   301 ||   317
Throw: Throwing net      |       |     1 |       |       ||     1
Evoke: Wand              |       |       |       |     4 ||     4
  Use: Scroll            |       |       |    11 |     5 ||    16
       Potion            |       |       |       |    12 ||    12
 Stab: Sleeping          |     6 |    16 |     2 |       ||    24
       Distracted        |       |     4 |     1 |       ||     5
Armor: Robe              |     6 |     7 |    32 |     1 ||    46
       Swamp dragon scal |       |       |       |    95 ||    95
Dodge: Dodged            |    30 |    87 |   199 |   353 ||   669

Table legend: (Time is in decaauts)
 A = Elapsed time spent in this place.
 B = Non-inter-level travel time spent in this place.
 C = Inter-level travel time spent in this place.
 D = Time resting spent in this place.
 E = Time spent auto-exploring this place.
 F = Levels seen in this place.
 G = Mean time per level.
                   A        B        C        D        E       F      G
               +--------+--------+--------+--------+--------+-----+--------+
         Total |  13981 |  13079 |    902 |   4212 |   6072 |  11 | 1271.0 |
       Dungeon |  13290 |  12388 |    902 |   3912 |   5818 |  10 | 1329.0 |
  Orcish Mines |    691 |    691 |      0 |    299 |    253 |   1 |  691.0 |
               +--------+--------+--------+--------+--------+-----+--------+

Top non-repeatable levels by time:
     D:9: 2387 daAuts
     D:8: 1586 daAuts
     D:6: 1498 daAuts
     D:5: 1473 daAuts
     D:1: 1470 daAuts
     D:3: 1293 daAuts
     D:2: 1290 daAuts
     D:4: 1085 daAuts
     D:7: 807 daAuts
   Orc:1: 691 daAuts
    D:10: 396 daAuts
